 Dungeon Crawl Stone Soup version 0.30.1-3-gfc49f6343a (webtiles) character file.

Game seed: 10545531233826168718

78783 monsoonserge the Brawler (level 15, -22/159 HPs)
             Began as a Troll Fighter on Aug 9, 2023.
             Was a High Priest of Wu Jian.
             Annihilated by an orc knight
             ... wielding a +0 great mace
              (26 damage)
             ... on level 2 of the Orcish Mines.
             The game lasted 01:01:51 (19106 turns).

monsoonserge the Brawler (Troll Fighter)           Turns: 19106, Time: 01:01:52

Health: -22/159    AC:  9    Str: 40    XL:     15   Next: 19%
Magic:  14/14      EV: 20    Int: 10    God:    Wu Jian [*****.]
Gold:   2545       SH: 16    Dex:  9    Spells: 14/14 levels left

rFire   . .          .
                       - Unarmed
rCold   . . .        c - +0 kite shield {reflect}
rNeg    . . .        j - +0 acid dragon scales
rPois   .            (helmet restricted)
rElec   .            r - +0 cloak
rCorr   +            (gloves unavailable)
SInv    .            (boots unavailable)
Will    +....        J - amulet of reflection
Stlth   +            h - +6 ring of strength
HPRegen 1.26/turn    p - +6 ring of strength
MPRegen 0.14/turn

%: reflection
@: in a heavenly storm, hasted, glowing, studying Fighting, very quick
A: large, unfitting armour, claws 3, regeneration 1, shaggy fur 1, tough skin 1
a: Renounce Religion, Wall Jump, Serpent's Lash, Heavenly Storm


You were on level 2 of the Orcish Mines.
You worshipped Wu Jian.
Wu Jian was extremely pleased with you.
You visited 5 branches of the dungeon, and saw 22 of its levels.
You also visited: Bailey.

You collected 2545 gold pieces.

Inventory:

Missiles
 k - 4 javelins
 m - 5 silver boomerangs
 v - a throwing net
 z - 21 poisoned darts (quivered)
 B - 12 large rocks
 N - 14 boomerangs of dispersal
 Q - 12 curare-tipped darts
 S - 5 atropa-tipped darts
 W - 2 boomerangs
Armour
 b - a +0 kite shield
 c - a +0 kite shield of reflection (worn)
 j - +0 acid dragon scales (worn)
 r - a +0 cloak (worn)
 H - a +1 robe of fire resistance
Jewellery
 h - a +6 ring of strength (left claw)
 p - a +6 ring of strength (right claw)
 x - a ring of resist corrosion
 A - a ring of protection from cold
 F - a ring of flight
 J - an amulet of reflection (around neck)
Wands
 a - a wand of charming (14)
 d - a wand of roots (8)
 I - a wand of flame (45)
 R - a wand of polymorph (4)
 X - a wand of light (9)
 Z - a wand of mindburst (11)
Scrolls
 f - 2 scrolls of fear
 g - 6 scrolls of enchant weapon {unknown}
 n - 3 scrolls of amnesia
 q - 8 scrolls of teleportation
 s - 2 scrolls of immolation
 t - 5 scrolls of enchant armour
 y - 5 scrolls of magic mapping {unknown}
 C - 3 scrolls of silence {unknown}
 G - 6 scrolls of fog {unknown}
 O - a scroll of brand weapon {unknown}
 P - 3 scrolls of poison {unknown}
 V - 2 scrolls of torment
Potions
 e - 2 potions of berserk rage
 l - 5 potions of attraction
 o - 3 potions of haste
 u - 6 potions of mutation {unknown}
 w - 5 potions of curing
 D - 5 potions of flight
 E - a potion of magic
 K - a potion of cancellation
 L - 7 potions of lignification
 M - 6 potions of heal wounds
 U - a potion of resistance
 Y - a potion of ambrosia
Miscellaneous
 T - a box of beasts


   Skills:
 + Level 13.0 Fighting
 + Level 8.4 Dodging
 + Level 12.4 Shields
 * Level 18.1 Unarmed Combat


You had 14 spell levels left.
You didn't know any spells.
Your spell library contained the following spells:

 Spells                   Type           Power      Damage    Failure   Level
 Apportation              Tloc           0%         N/A       52%         1
 Freeze                   Ice            0%         1d3       52%         1
 Magic Dart               Conj           0%         1d3       52%         1
 Necrotise                Necr           0%         1d4       52%         1
 Summon Small Mammal      Summ           0%         N/A       52%         1
 Call Imp                 Summ           0%         N/A       65%         2
 Ensorcelled Hibernation  Hex/Ice        0%         N/A       65%         2
 Lesser Beckoning         Tloc           0%         N/A       65%         2
 Passwall                 Tmut/Erth      0%         N/A       65%         2
 Call Canine Familiar     Summ           0%         N/A       87%         3
 Confusing Touch          Hex            0%         N/A       87%         3
 Frozen Ramparts          Ice            0%         1d1       87%         3
 Gell's Gravitas          Tloc           0%         N/A       87%         3
 Hailstorm                Conj/Ice       0%         3d3       87%         3
 Mephitic Cloud           Conj/Pois/Air  0%         N/A       87%         3
 Portal Projectile        Hex/Tloc       0%         N/A       87%         3
 Stone Arrow              Conj/Erth      0%         3d7       87%         3
 Swiftness                Air            0%         N/A       87%         3
 Teleport Other           Tloc           0%         N/A       87%         3
 Tukima's Dance           Hex            0%         N/A       87%         3
 Animate Armour           Summ/Erth      0%         N/A       99%         4
 Fulminant Prism          Conj/Hex       0%         3d5       99%         4
 Ice Form                 Ice/Tmut       0%         N/A       99%         4
 Leda's Liquefaction      Hex/Erth       0%         N/A       99%         4
 Passage of Golubria      Tloc           0%         N/A       99%         4
 Summon Lightning Spire   Summ/Air       0%         N/A       99%         4
 Yara's Violent Unravell  Hex/Tmut       0%         3d3       100%        5
 Storm Form               Tmut/Air       0%         N/A       100%        7
 Lehudib's Crystal Spear  Conj/Erth      0%         10d2      100%        8
 Maxwell's Capacitive Co  Air            0%         ∞         100%        8
 Polar Vortex             Ice            0%         N/A       100%        9


Dungeon Overview and Level Annotations

Branches:
Dungeon (12/15)            Temple (1/1) D:5            Lair (5/5) D:9
  Swamp (0/4) Lair:3       Spider (0/4) Lair:2        Slime (0/5) Lair:4
    Orc (2/2) D:12            Elf (2/3) Orc:2        Bailey (visited)

Altars:
Ashenzari
Cheibriados
Dithmenos
Elyvilon
Fedhas
Gozag
Hepliaklqana
Kikubaaqudgha
Makhleb
Nemelex Xobeh
Okawaru
Qazlal
Ru
Sif Muna
Trog
Uskayaw
Vehumet
Wu Jian
Xom
Yredelemnul
Zin
The Shining One
Jiyva

Shops:
D:4 *


Innate Abilities, Weirdness & Mutations

You are too large for most types of armour.
You have claws for hands.
Your natural rate of healing is unusually fast.
You are covered in fur. (AC +1)
You have tough skin. (AC +1)


Message History

The orc warrior goes into a battle-frenzy!
You completely miss the orc warrior.
The orc warrior is moderately wounded.
The orc warrior completely misses you. You block the orc knight's attack.
The orc warrior completely misses you.
The orc knight hits you with a +3 vampiric war axe!!
* * * LOW HITPOINT WARNING * * *
You hear a shout! x2
You feel much better.
The orc warrior no longer looks unusually strong.
You block the orc warrior's attack.
The orc warrior hits you from afar with a +0 trident.
* * * LOW HITPOINT WARNING * * *
The orc knight completely misses you. You block the orc knight's attack.
Okay, then.
You feel yourself speed up. You block the orc warrior's attack.
The orc warrior closely misses you. You block the orc knight's attack.
The orc knight roars a battlecry!
The orc warrior goes into a battle-frenzy!
The orc knight completely misses you.
Unknown command.
You eviscerate the orc warrior!!!
You kill the orc warrior!
The Council accepts your kill.
You hear a shout! 2 orc high priests, 2 orc priests and 4 orc warriors come into view.
You lunge at the orc warrior.
You eviscerate the orc warrior!!!
You kill the orc warrior!
The Council accepts your kill.
You spin and attack the orc knight.
You mangle the orc knight!!
The orc knight is almost dead.
An orc warrior comes into view.
It is wielding a +1 short sword of holy wrath.
The orc warrior hits you with a +0 trident!
* * * LOW HITPOINT WARNING * * *
The orc knight hits you with a +2 battleaxe!!
* * * LOW HITPOINT WARNING * * *
The orc warrior hits you with a +0 hand axe.
* * * LOW HITPOINT WARNING * * *
The orc knight hits you with a +0 great mace!!
You die...

####### # ###.....###
##.. ##.........###
##.... .............##
#o...
............☼§###ooo
#.#.#.#.#.#.#☼#o#o#o#.#.
............§§§o@ooo....
............☼§#o#ooo....
............☼.§§°§oo....
#.#.#.#.#.#.#.#.#.#.#.#.
..............###.......
.............## #......
##.........### ##....
###.....### ##.. #######


You could see 3 orc knights, 6 orc warriors and 2 orc priests.

Vanquished Creatures
  Saint Roka (Orc:2)
  Donald (Orc:2)
  Azrael (D:12)
  An ettin (Orc:2)
  A deep elf death mage (Elf:1)
  2 hydras
  2 boulder beetles
  6 dancing weapons (Elf:1)
  A catoblepas (Lair:4)
  6 death yaks
  5 two-headed ogres
  Erica (D:10)
  6 orc high priests
  Nergalle (Lair:3)
  5 deep elf knights (Elf:1)
  Amaemon (D:8)
  An orb spider (Lair:2)
  4 deep elf archers (Elf:1)
  2 bog bodies (Lair:3)
  9 deep elf zephyrmancers (Elf:1)
  A lindwurm (Lair:3)
  5 orc knights
  7 deep elf pyromancers
  5 orc sorcerers
  A salamander (shapeshifter) (Elf:1)
  4 elephants (Lair:5)
  2 cyclopes
  Maurice (D:8)
  7 black mambas
  An orange demon (D:8)
  5 cane toads
  2 unseen horrors
  Psyche (D:10)
  3 rime drakes
  4 komodo dragons
  2 polar bears (Lair:3)
  7 trolls
  3 hornets
  31 blink frogs
  Grinder (D:4)
  Prince Ribbit (D:6)
  3 dream sheep
  2 air elementals (Elf:1)
  8 slime creatures (D:12)
  3 wyverns
  2 shadows
  Sigmund (D:2)
  4 basilisks
  3 wraiths
  16 yaks
  2 vampires
  5 fire elementals
  2 water elementals (Elf:1)
  5 steam dragons
  6 vampire mosquitoes (D:11)
  A swamp worm (Lair:3)
  5 wargs
  6 water moccasins
  6 acid dragons
  A hell hound (Orc:2)
  3 black bears
  A sky beast (D:7)
  2 ice beasts
  36 orc warriors
  5 ogres
  A wolf (shapeshifter) (Elf:1)
  8 wolves
  4 centaurs
  A phantom (D:6)
  6 kobold brigands
  2 gnoll sergeants
  Blork the orc (D:4)
  9 bullfrogs
  2 earth elementals (Elf:1)
  2 scorpions
  6 wights
  7 killer bees (D:9)
  3 electric eels
  9 howler monkeys
  23 orc priests
  4 hounds (D:5)
  A jelly (D:6)
  4 iguanas
  17 orc wizards
  5 hell rats (Lair:4)
  Robin (D:2)
  4 gnolls (D:7)
  15 adders
  3 white imps
  An ufetubus (D:4)
  2 dart slugs
  79 orcs
  8 endoplasms
  3 giant cockroaches
  12 goblins
  15 hobgoblins
  2 jackals (D:1)
  19 kobolds
  6 quokkas
  4 ball pythons
  5 bats
  3 rats
576 creatures vanquished.

Vanquished Creatures (others)
  A deep elf pyromancer (Elf:2)
  A howler monkey (D:8)
  2 orcs (Orc:2)
4 creatures vanquished.

Grand Total: 580 creatures vanquished

Notes
Turn   | Place    | Note
-------+----------+-------------------------------------------
     0 | D:1      | monsoonserge the Troll Fighter began the quest for the Orb.
     0 | D:1      | Reached XP level 1. HP: 22/22 MP: 0/0
   218 | D:1      | Reached XP level 2. HP: 29/29 MP: 1/1
  1208 | D:2      | Identified the +2 sling "Guzu" {heavy, Str+6 Int+3 Stlth+}
  1213 | D:2      | Reached XP level 3. HP: 36/36 MP: 2/2
  1267 | D:2      | Noticed Robin
  1270 | D:2      | Reached skill level 3 in Unarmed Combat
  1295 | D:2      | Killed Robin
  1337 | D:2      | Noticed Sigmund
  1353 | D:2      | Killed Sigmund
  1354 | D:2      | Reached skill level 4 in Unarmed Combat
  1354 | D:2      | Reached XP level 4. HP: 10/45 MP: 3/3
  1354 | D:2      | Reached XP level 5. HP: 11/53 MP: 4/4
  1358 | D:2      | Got the Essays on the Iceberg and Maleficia
  2261 | D:3      | Found a bloodstained altar of Trog.
  2300 | D:3      | Found a sparkling altar of Nemelex Xobeh.
  2300 | D:3      | Found an opulent altar of Gozag.
  2756 | D:4      | Reached XP level 6. HP: 61/61 MP: 5/5
  2817 | D:4      | Reached skill level 5 in Unarmed Combat
  2987 | D:4      | Noticed Grinder
  2998 | D:4      | Killed Grinder
  2999 | D:4      | Reached XP level 7. HP: 57/70 MP: 6/6
  3007 | D:4      | Found Kepe's Fire Supplies.
  3187 | D:4      | Noticed Blork the orc
  3197 | D:4      | Killed Blork the orc
  3563 | D:5      | Entered Level 5 of the Dungeon
  3569 | D:5      | Reached skill level 6 in Unarmed Combat
  3592 | D:5      | Found a staircase to the Ecumenical Temple.
  3608 | Temple   | Entered the Ecumenical Temple
  3771 | Temple   | Became a worshipper of the Wu Jian Council
  3844 | D:5      | Reached skill level 5 in Shields
  3844 | D:5      | Reached XP level 8. HP: 64/79 MP: 7/7
  3853 | D:5      | Reached skill level 7 in Unarmed Combat
  3914 | D:5      | Identified the +9 dagger "Paipidyn" {heavy, rN+ Str+3
                  | Stlth-}
  3936 | D:5      | Found a shadowy altar of Dithmenos.
  4030 | D:5      | Found a glowing silver altar of Zin.
  4308 | D:5      | Reached * piety under Wu Jian
  4470 | D:6      | Found a basalt altar of Yredelemnul.
  4524 | D:6      | Reached skill level 5 in Fighting
  4629 | D:6      | Reached skill level 8 in Unarmed Combat
  4648 | D:6      | Noticed Prince Ribbit
  4658 | D:6      | Killed Prince Ribbit
  4720 | D:6      | Reached XP level 9. HP: 83/88 MP: 8/8
  5162 | D:7      | Reached skill level 9 in Unarmed Combat
  5272 | D:7      | Reached ** piety under Wu Jian
  5922 | D:8      | Noticed Maurice
  5986 | D:8      | Reached skill level 10 in Unarmed Combat
  6090 | D:8      | Noticed a two-headed ogre
  6096 | D:8      | Killed a two-headed ogre
  6097 | D:8      | Reached XP level 10. HP: 88/100 MP: 9/9
  6152 | D:9      | Found a shimmering blue altar of Sif Muna.
  6208 | D:9      | Found a staircase to the Lair.
  6359 | D:9      | Reached skill level 11 in Unarmed Combat
  6660 | D:9      | Reached *** piety under Wu Jian
  6681 | D:9      | Found a snail-covered altar of Cheibriados.
  6848 | D:10     | Entered Level 10 of the Dungeon
  7099 | D:10     | Noticed Erica
  7109 | D:10     | Killed Erica
  7110 | D:10     | Reached skill level 12 in Unarmed Combat
  7151 | D:10     | Found a burning altar of Makhleb.
  7237 | D:10     | Noticed Psyche
  7246 | D:10     | Killed Psyche
  7247 | D:10     | Reached XP level 11. HP: 103/109 MP: 8/10
  7275 | D:10     | Found a flagged portal.
  7286 | Bailey   | Entered a bailey
  7526 | Bailey   | Reached **** piety under Wu Jian
  7556 | Bailey   | Acquired 704 gold pieces
  7558 | Bailey   | Noticed an orc knight
  7558 | Bailey   | Noticed an orc knight
  7703 | Bailey   | Killed an orc knight
  7713 | Bailey   | Killed an orc knight
  7826 | D:10     | Found a white marble altar of Elyvilon.
  8396 | D:10     | Noticed a two-headed ogre
  8417 | D:11     | Killed a two-headed ogre
  8418 | D:11     | Reached skill level 13 in Unarmed Combat
  8521 | D:10     | Noticed a two-headed ogre
  8531 | D:10     | Paralysed by a hornet for 2 turns
  8621 | D:11     | Killed a two-headed ogre
  8971 | D:8      | Noticed Amaemon
  9199 | D:8      | Killed Amaemon
  9310 | D:8      | Killed Maurice
  9532 | D:11     | Reached XP level 12. HP: 90/122 MP: 11/11
  9716 | D:11     | Noticed a boulder beetle
  9725 | D:11     | Killed a boulder beetle
  9788 | D:11     | Reached skill level 14 in Unarmed Combat
  9900 | D:11     | Noticed a two-headed ogre
  9908 | D:11     | Killed a two-headed ogre
 10160 | D:12     | Noticed a boulder beetle
 10166 | D:12     | Killed a boulder beetle
 10309 | D:12     | Reached ***** piety under Wu Jian
 10393 | D:12     | Noticed a two-headed ogre
 10404 | D:12     | Killed a two-headed ogre
 10405 | D:12     | Reached skill level 10 in Shields
 10526 | D:12     | Found a staircase to the Orcish Mines.
 10595 | D:12     | Noticed a three-headed hydra
 10597 | D:12     | Killed a six-headed hydra
 10925 | D:9      | Found a staircase to the Lair.
 11235 | D:9      | Found a snail-covered altar of Cheibriados.
 11360 | D:9      | Found a shimmering blue altar of Sif Muna.
 11400 | Lair:1   | Entered Level 1 of the Lair of Beasts
 11475 | Lair:1   | Reached skill level 5 in Dodging
 11486 | Lair:1   | Acquired a manual of Fighting
 11530 | Lair:1   | Noticed a death yak
 11530 | Lair:1   | Noticed a death yak
 11530 | Lair:1   | Noticed a death yak
 11531 | Lair:1   | Noticed a death yak
 11532 | Lair:1   | Noticed a death yak
 11533 | Lair:1   | Noticed a death yak
 11541 | Lair:1   | Killed a death yak
 11547 | Lair:1   | Killed a death yak
 11548 | Lair:1   | Reached skill level 15 in Unarmed Combat
 11548 | Lair:1   | Killed a death yak
 11554 | Lair:1   | Killed a death yak
 11561 | Lair:2   | Killed a death yak
 11565 | Lair:2   | Reached XP level 13. HP: 49/132 MP: 12/12
 12041 | Lair:1   | Reached skill level 10 in Fighting
 12877 | Lair:2   | Found a hole to the Spider Nest.
 13374 | Lair:3   | Noticed Nergalle
 13384 | Lair:3   | Killed Nergalle
 13552 | Lair:3   | Reached skill level 16 in Unarmed Combat
 14295 | Lair:3   | Found a staircase to the Swamp.
 14881 | Lair:4   | Found a viscous altar of Jiyva.
 14881 | Lair:4   | Found a staircase to the Slime Pits.
 15355 | Lair:5   | Entered Level 5 of the Lair of Beasts
 15387 | Lair:5   | Reached XP level 14. HP: 132/146 MP: 13/13
 15756 | Orc:1    | Entered Level 1 of the Orcish Mines
 15992 | Orc:2    | Entered Level 2 of the Orcish Mines
 16000 | Orc:2    | Noticed Azrael
 16154 | D:12     | Killed Azrael
 16585 | Orc:2    | Found a staircase to the Elven Halls.
 16693 | Orc:2    | Noticed Saint Roka
 16727 | Elf:1    | Entered Level 1 of the Elven Halls
 16743 | Elf:1    | Reached ****** piety under Wu Jian
 16745 | Elf:1    | Reached skill level 17 in Unarmed Combat
 17113 | Elf:1    | Found a radiant altar of Vehumet.
 17544 | Elf:1    | Paralysed by an air elemental for 1 turns
 17546 | Elf:1    | Paralysed by an air elemental for 1 turns
 17724 | Elf:1    | Paralysed by an air elemental for 1 turns
 18568 | Orc:2    | Killed Saint Roka
 18569 | Orc:2    | Reached XP level 15. HP: 55/158 MP: 14/14
 18692 | Orc:2    | Reached skill level 18 in Unarmed Combat
 18721 | Orc:2    | Noticed Donald
 18728 | Orc:2    | Killed Donald
 19106 | Orc:2    | HP: 4/159 [orc warrior/+0 hand axe (4)]
 19106 | Orc:2    | Annihilated by an orc knight

Illustrated notes

Levels and vault maps discovered:
D:1:      elethiomel_arrival_infinity_welcomes_careful_drivers, layout_basic
D:2:      layout_basic, uniq_sigmund, uniq_robin
D:3:      layout_basic, grunt_temple_overflow_opulence,
          mainiacjoe_overflow_small_starburst, minmay_misc_feat_secret_circle,
          minmay_box_of_dots
D:4:      layout_basic, nicolae_shop_fire_sale [nicolae_sub_dead_trees],
          minmay_hedge_maze, uniq_blork_the_orc, uniq_grinder
D:5:      layout_rooms, mainiacjoe_overflow_alcove_2, zin_statuary,
          minmay_temple_entry_arrows
D:6:      layout_loops_ring, yredelemnul_altar_generic, uniq_prince_ribbit1
D:7:      layout_loops_ring, st_stairs_5, hangedman_abyss_or_decor_passed,
          eino_curves_04, chequers_serial_rivers_small_3
D:8:      layout_basic, minmay_unpleasant_kobolds, uniq_maurice, uniq_amaemon,
          uniq_pikel
D:9:      layout_basic, mainiacjoe_overflow_alcove_4, lemuel_round_altar,
          erik_lair_orcish_takeover
D:10:     nicolae_cairo_tiling_large, layout_loops_ring,
          mainiacjoe_overflow_six_doors_small, mainiacjoe_overflow_alcove_1,
          serial_rivers, chequers_serial_rivers_small_3,
          chequers_serial_rivers_micro_a, chequers_serial_rivers_micro_c,
          chequers_serial_rivers_micro_c, chequers_serial_rivers_micro_b,
          enter_bailey_2, kennysheep_kite_vault, uniq_erica, uniq_psyche
D:11:     layout_basic, billiards_dpeg
D:12:     layout_cave_pools, hangedman_ranch
Temple:   hellmonk_temple_forest_ring
Lair:1:   layout_long_grid, fungi_pond_lemuel, serial_bayou_shore_a,
          infiniplex_staircase_pool_2
Lair:2:   layout_cave_pods, nicolae_spider_entry_orb_guardian
Lair:3:   minmay_lair_venomous_thicket, layout_chaotic_city,
          nicolae_swamp_entry_splash_gauntlet, serial_bayou_shore_b,
          uniq_nergalle
Lair:4:   layout_regular_city, dpeg_slime_entry_enclosed, grunt_megastairs_1
Lair:5:   hangedman_lair_tendril_chambers, layout_regular_city, wormcave,
          lemuel_fruit_fields
Orc:1:    layout_caves, basic_altar
Orc:2:    st_orc_pillars, layout_caves, uniq_saint_roka, uniq_donald,
          uniq_azrael
Elf:1:    nicolae_elf_arrival_no_cutting_in_line, layout_geoelf_grid,
          basic_altar, evilmike_minifort, minivault_26, glass_columns_b,
          nicolae_concentric_dashed_squares_wild, grunt_megastairs_2
Elf:2:    elven_hall_of_blades_hangedman_original
          [nicolae_blade_entry_hurt_lockers], layout_loops_ring, st_stairs_6

Skill      XL: |  1  2  3  4  5  6  7  8  9 10 11 12 13 14 15 |
---------------+----------------------------------------------+-----
Shields        | 3 4 5 6 7 8 9 10 11 12 | 12.4
Unarmed Combat | 4 5 6 8 10 12 13 15 16 17 18 | 18.1
Fighting       | 3 4 5 6 7 8 9 11 12 13 | 13.0
Dodging        | 3 5 6 8 |  8.4

Action                     |  1- 3 |  4- 6 |  7- 9 | 10-12 | 13-15 || total
---------------------------+-------+-------+-------+-------+-------++-------
  Melee: Unarmed           |    86 |    80 |   264 |   582 |   825 ||  1837
  Throw: Dart              |       |       |     2 |     8 |     3 ||    13
 Invoke: Serpent's Lash    |       |       |       |     2 |     5 ||     7
         Heavenly Storm    |       |       |       |       |     1 ||     1
Ability: Lunge             |       |       |    22 |    51 |    75 ||   148
         Whirlwind         |       |       |    10 |   108 |   270 ||   388
  Evoke: Box of beasts     |       |       |       |     1 |       ||     1
         Wand              |       |       |       |       |     2 ||     2
    Use: Scroll            |       |       |       |    15 |     9 ||    24
         Potion            |       |       |       |     2 |     3 ||     5
   Stab: Sleeping          |       |     2 |       |       |       ||     2
         Invisible         |       |       |       |       |     3 ||     3
 Armour: Robe              |    22 |    22 |    38 |       |       ||    82
         Steam dragon scal |       |       |     4 |    37 |       ||    41
         Acid dragon scale |       |       |       |    38 |    89 ||   127
  Dodge: Dodged            |    37 |    21 |    67 |    99 |   133 ||   357
  Block: Kite shield       |    21 |    30 |    84 |   270 |   341 ||   746
         Reflection        |       |       |     5 |    41 |     9 ||    55
